 Dungeon Sprint DCSS version 0.31-a0-806-g0bc164a743 (webtiles) character file.

Game seed: 9788041016818877115

1485 sircluck the Grappler (level 8, -7/93 HPs)
             Began as a Troll Berserker on Sept 21, 2023.
             Was a High Priest of Trog.
             Mangled by a two-headed ogre
             ... wielding a +0 giant club
              (21 damage)
             ... in the Dungeon (Sprint III: "The Ten Rune Challenge").
             The game lasted 00:01:55 (559 turns).

sircluck the Grappler (Troll Berserker)              Turns: 559, Time: 00:01:56

Health: -7/93      AC:  6    Str: 28    XL:     8   Next: 50%
Magic:  7/7        EV: 12    Int:  3    God:    Trog [*****.]
Gold:   20         SH:  0    Dex:  9    Spells: 7/7 levels left

rFire   . .          .
                       - Unarmed
rCold   . . .        (no shield)
rNeg    . . .        a - +0 animal skin
rPois   .            (helmet restricted)
rElec   .            (no cloak)
rCorr   .            (gloves unavailable)
SInv    .            (boots unavailable)
Will    .....        (no amulet)
Stlth   +            (no ring)
HPRegen 1.15/turn    (no ring)
MPRegen 0.10/turn

%: no teleportation
@: no status effects
A: large, unfitting armour, claws 3, regeneration 1, shaggy fur 1, tough skin 1,
iridescent scales 1
a: Renounce Religion, Berserk, Trog's Hand, Brothers in Arms


You were in the Dungeon.
You worshipped Trog.
Trog was extremely pleased with you.
You visited 1 branch You collected 20 gold pieces.

Inventory:

Armour
 a - a +0 animal skin (worn)
Wands
 n - a wand of charming (9)
Scrolls
 g - a scroll of blinking
 j - a scroll of torment {unknown}
 k - 2 scrolls of identify {unknown}
 m - a scroll of immolation {unknown}
Potions
 b - 2 potions of curing
 c - 2 potions of heal wounds
 d - a potion of haste
 e - 2 potions of magic
 f - a potion of berserk rage
 h - a potion of attraction {unknown}
 i - 2 potions of mutation
 l - a potion of enlightenment
Miscellaneous
 o - a sack of spiders


   Skills:
 + Level 9.8 Fighting
 + Level 9.6 Dodging
 + Level 11.4 Unarmed Combat


You had 7 spell levels left.
You didn't know any spells.
Your spell library was empty.

Dungeon Overview and Level Annotations

Branches:
Dungeon (1/1)

Altars:
Cheibriados
Dithmenos
Elyvilon
Fedhas
Gozag
Hepliaklqana
Kikubaaqudgha
Makhleb
Nemelex Xobeh
Okawaru
Qazlal
Ru
Sif Muna
Trog
Uskayaw
Vehumet
Wu Jian
Xom
Yredelemnul
Zin
The Shining One
Jiyva
Lugonu


Innate Abilities, Weirdness & Mutations

You are too large for most types of armour.
You have claws for hands.
Your natural rate of healing is unusually fast.
You are covered in fur. (AC +1)
You have tough skin. (AC +1)
You are partially covered in iridescent scales. (AC +2)


Message History

The two-headed ogre is severely wounded.
The two-headed ogre barely misses you. The two-headed ogre closely misses you.
You completely miss the two-headed ogre.
The two-headed ogre is severely wounded.
The two-headed ogre barely misses you.
The two-headed ogre hits you with a +0 giant spiked club!!
You mangle the two-headed ogre!!
You kill the two-headed ogre!
Trog accepts your kill.
No target in view!
No target in view!
No target in view!
No target in view!
No target in view!
No target in view!
No target in view!
Unknown command.
Things that are here:
a +0 giant club; a +0 giant spiked club; a two-headed ogre corpse A two-headed ogre comes into view.
It is wielding a +0 giant club and a +0 giant spiked club.
The two-headed ogre shouts in stereo!
The two-headed ogre hits you with a +0 giant club!!
The two-headed ogre closely misses you.
You mangle the two-headed ogre!!
The two-headed ogre is heavily wounded.
The two-headed ogre hits you with a +0 giant club!!
The two-headed ogre barely misses you.
You scratch the two-headed ogre.
The two-headed ogre is heavily wounded.
You scratch the two-headed ogre.
The two-headed ogre is heavily wounded.
The two-headed ogre hits you with a +0 giant club!
The two-headed ogre hits you with a +0 giant spiked club!!
* * * LOW HITPOINT WARNING * * *
You mangle the two-headed ogre!!
The two-headed ogre is almost dead.
You barely miss the two-headed ogre.
The two-headed ogre is almost dead.
The two-headed ogre hits you with a +0 giant club!!
You die...

__)#._# †###)##
......# ......#
#####'#
__#...#+###########
__#...#....#.#.#..
__#...##.#).#.##O#
__#...'##)#.#.##@#
__'...#...#..#..##
▓▓▓▓▓▓▓▓▓▓▓▓▓▓▓▓▓


You could see a two-headed ogre.

Vanquished Creatures
  A deep elf pyromancer (D)
  A shadow (D)
  A spatial vortex (D)
  3 two-headed ogres (D)
  A water elemental (D)
  A necrophage (D)
  A jelly (D)
  A wizard (D)
  Jessica (D)
  A necromancer (D)
  3 humans (D)
  A kobold demonologist (D)
  A wolf (D)
  2 endoplasms (D)
  A rat (D)
20 creatures vanquished.

Notes
Turn   | Place    | Note
-------+----------+-------------------------------------------
     0 | D        | sircluck the Troll Berserker began the quest for the Orb.
     0 | D        | Reached XP level 1. HP: 22/22 MP: 0/0
    29 | D        | Noticed Jessica
    36 | D        | Killed Jessica
    36 | D        | Reached ** piety under Trog
    37 | D        | Reached skill level 4 in Unarmed Combat
    37 | D        | Reached XP level 2. HP: 27/32 MP: 1/1
    37 | D        | Reached XP level 3. HP: 33/39 MP: 2/2
    60 | D        | Reached skill level 5 in Unarmed Combat
    63 | D        | Reached *** piety under Trog
    79 | D        | Gained mutation: You are dopey. (Int -2) [potion of
                  | mutation]
    79 | D        | Lost intelligence.
    79 | D        | Gained mutation: Your muscles are strong. (Str +4, Int/Dex
                  | -1) [potion of mutation]
   183 | D        | Lost mutation: You are dopey. (Int -2) [potion of mutation]
   183 | D        | Lost mutation: Your muscles are strong. (Str +4, Int/Dex
                  | -1) [potion of mutation]
   183 | D        | Gained mutation: You are partially covered in iridescent
                  | scales. (AC +2) [potion of mutation]
   214 | D        | Noticed a water elemental
   220 | D        | Killed a water elemental
   221 | D        | Reached skill level 5 in Fighting
   221 | D        | Reached skill level 5 in Dodging
   221 | D        | Reached skill level 6 in Unarmed Combat
   221 | D        | Reached XP level 4. HP: 47/50 MP: 3/3
   265 | D        | Found a radiant altar of Vehumet.
   265 | D        | Found a shimmering blue altar of Sif Muna.
   265 | D        | Found an ancient bone altar of Kikubaaqudgha.
   265 | D        | Noticed a wizard
   270 | D        | Reached XP level 5. HP: 57/57 MP: 4/4
   283 | D        | Reached **** piety under Trog
   292 | D        | Found a glowing silver altar of Zin.
   292 | D        | Found a glowing golden altar of the Shining One.
   292 | D        | Found a white marble altar of Elyvilon.
   293 | D        | Noticed a deep elf pyromancer
   312 | D        | Killed a deep elf pyromancer
   313 | D        | Reached skill level 9 in Unarmed Combat
   313 | D        | Reached XP level 6. HP: 9/72 MP: 5/5
   313 | D        | Reached XP level 7. HP: 10/80 MP: 6/6
   381 | D        | Found a hide-covered altar of Uskayaw.
   381 | D        | Found an iron altar of Okawaru.
   381 | D        | Found a bloodstained altar of Trog.
   381 | D        | Found an ornate altar of the Wu Jian Council.
   381 | D        | Noticed a human
   381 | D        | Noticed a human
   392 | D        | Killed a human
   393 | D        | Reached skill level 10 in Unarmed Combat
   397 | D        | Killed a human
   441 | D        | Found a basalt altar of Yredelemnul.
   441 | D        | Found a shadowy altar of Dithmenos.
   441 | D        | Found a sacrificial altar of Ru.
   451 | D        | Reached ***** piety under Trog
   468 | D        | Noticed a shadow
   472 | D        | Killed a shadow
   473 | D        | Reached XP level 8. HP: 92/92 MP: 7/7
   482 | D        | Found a blossoming altar of Fedhas.
   482 | D        | Found a stormy altar of Qazlal.
   482 | D        | Found a snail-covered altar of Cheibriados.
   482 | D        | Found a burning altar of Makhleb.
   482 | D        | Found a shimmering altar of Xom.
   483 | D        | Found a hazy altar of Hepliaklqana.
   483 | D        | Found an opulent altar of Gozag.
   483 | D        | Found a sparkling altar of Nemelex Xobeh.
   483 | D        | Found a corrupted altar of Lugonu.
   483 | D        | Found a viscous altar of Jiyva.
   488 | D        | Reached skill level 11 in Unarmed Combat
   553 | D        | Noticed a two-headed ogre
   559 | D        | Mangled by a two-headed ogre

Illustrated notes

Levels and vault maps discovered:
D:        dungeon_sprint_mu [sprint_mu_entry_cave, sprint_mu_temple_rooms,
          sprint_mu_d1_spiders, sprint_mu_d2_genie, sprint_mu_d3_branching,
          sprint_mu_orc_legion, sprint_mu_elf_gauntlet, sprint_mu_hive_nellie,
          sprint_mu_lair_fedhas, sprint_mu_vaults_butterflies,
          sprint_mu_slime_circle, sprint_mu_shoals_archi,
          sprint_mu_snake_twists, sprint_mu_blade_basic, sprint_mu_crypt_lich,
          sprint_mu_tomb_spiral, sprint_mu_vestibule_basic,
          sprint_mu_gehenna_hellfire, sprint_mu_dis_giant,
          sprint_mu_tartarus_statrot, sprint_mu_cocytus_islands, sprint_mu_zot1]

Skill      XL: |  1  2  3  4  5  6  7  8 |
---------------+-------------------------+-----
Fighting       | 3 5 8 9 |  9.8
Dodging        | 3 5 7 9 |  9.6
Unarmed Combat | 4 6 9 10 11 | 11.4

Action                     |  1- 3 |  4- 6 |  7- 9 || total
---------------------------+-------+-------+-------++-------
  Melee: Unarmed           |    20 |    13 |    46 ||    79
         Punch             |       |       |     1 ||     1
 Invoke: Berserk           |     1 |       |     1 ||     2
    Use: Potion            |     3 |       |       ||     3
 Armour: Animal skin       |    10 |    10 |    21 ||    41
  Dodge: Dodged            |    12 |     1 |    17 ||    30

Table legend: (Time is in decaauts)
 A = Elapsed time spent in this place.
 B = Non-inter-level travel time spent in this place.
 C = Inter-level travel time spent in this place.
 D = Time resting spent in this place.
 E = Time spent auto-exploring this place.
 F = Levels seen in this place.
 G = Mean time per level.
                   A        B        C        D        E       F      G
               +--------+--------+--------+--------+--------+-----+--------+
         Total |    628 |    628 |      0 |    346 |    112 |   1 |  628.0 |
       Dungeon |    628 |    628 |      0 |    346 |    112 |   1 |  628.0 |
               +--------+--------+--------+--------+--------+-----+--------+

Top non-repeatable levels by time:
       D: 628 daAuts
